 Dungeon Crawl Stone Soup version 0.30-a0-218-gedb9141078 (webtiles) character file.

Game seed: 13174213664020832494

8726 jlumianski the Cleaver (level 11, -7/82 HPs)
             Began as a Demonspawn Gladiator on Oct 5, 2022.
             Was a Follower of Qazlal.
             Killed from afar by Lodul (15 damage)
             ... with a bolt of lightning
             ... on level 11 of the Dungeon on Oct 6, 2022.
             The game lasted 00:44:06 (9326 turns).

jlumianski the Cleaver (Demonspawn Gladiator)       Turns: 9326, Time: 00:44:10

Health: -7/82      AC: 23    Str: 14    XL:     11   Next: 13%
Magic:  14/14      EV:  5    Int:  9    God:    Qazlal [*.....]
Gold:   587        SH:  2    Dex: 16    Spells: 10/10 levels left

rFire   + . .      SeeInvis .    L - +2 battleaxe (vorpal)
rCold   + . .      Faith    .    (shield currently unavailable)
rNeg    . . .      Spirit   .    w - +0 plate armour
rPois   +          Reflect  .    R - +2 hat {Stlth+}
rElec   .          Harm     .    p - +1 cloak
rCorr   .          Rampage  .    v - +2 pair of gloves
Will    .....                    (no boots)
Stlth   ..........               (no amulet)
HPRegen 0.33/turn                s - ring of flight
MPRegen 0.14/turn                y - ring "Ymomisi" {+Blink rPois rF+ rC+ Str-4}

@: marked, flying
A: antennae 1, molten scales 2, demonic guardian 2, powered by death 2
a: Renounce Religion, Evoke Blink


You were on level 11 of the Dungeon.
You worshipped Qazlal.
Qazlal was aware of your devotion.
You visited 2 branches of the dungeon, and saw 12 of its levels.
You also visited: Sewer.

You collected 587 gold pieces.

Inventory:

Hand Weapons
 a - a +0 war axe
 B - a +1 short sword of draining
 L - a +2 vorpal battleaxe (weapon)
 M - a +1 war axe of electrocution
 P - a +3 battleaxe of freezing
Missiles
 d - a throwing net
 e - 3 javelins
 f - 20 poisoned darts (quivered)
 g - 7 boomerangs
 A - 2 silver javelins
 E - 4 atropa-tipped darts
Armour
 b - a +0 leather armour
 c - a +1 helmet
 l - a +0 chain mail
 p - a +1 cloak (worn)
 v - a +2 pair of gloves (worn)
 w - a +0 plate armour (worn)
 K - +0 steam dragon scales
 R - a +2 hat of stealth (worn)
Magical Staves
 h - a staff of earth
Jewellery
 s - a ring of flight (left hand)
 y - the ring "Ymomisi" (right hand) {+Blink rPois rF+ rC+ Str-4}
   (You found it on level 5 of the Dungeon)

   [ring of protection from cold]

   Str:       It affects your strength (-4).
   rF:        It protects you from fire.
   rC:        It protects you from cold.
   rPois:     It protects you from poison.
   +Blink:    It lets you blink.
 F - a ring of protection from fire
 S - a ring of fire
 T - a ring of wizardry
Wands
 k - a wand of flame (40)
 n - a wand of roots (6)
 G - a wand of digging (6)
 O - a wand of charming (7)
Scrolls
 i - 3 scrolls of teleportation
 o - a scroll of fear
 q - 3 scrolls of silence
 D - 5 scrolls of fog
 I - a scroll of blinking
 J - a scroll of poison
 N - 2 scrolls of identify
 Q - a scroll of brand weapon
Potions
 j - 2 potions of attraction
 m - 2 potions of heal wounds
 r - a potion of magic
 t - a potion of cancellation
 u - a potion of lignification
 x - a potion of degeneration
 z - 3 potions of curing
 C - a potion of haste
 H - a potion of berserk rage


   Skills:
 + Level 6.3 Fighting
 + Level 10.6 Axes
 + Level 4.1 Throwing
 + Level 6.6 Armour
 + Level 3.9 Dodging
 + Level 1.0 Stealth
 + Level 0.1 Shields
 * Level 4.6 Invocations
 * Level 6.7 Evocations


You had 10 spell levels left.
You didn't know any spells.
Your spell library contained the following spells:

 Spells                   Type           Power      Damage    Failure   Level
 Ensorcelled Hibernation  Hex/Ice        0%         N/A       100%        2
 Sublimation of Blood     Necr           0%         N/A       100%        2
 Wereblood                Tmut           0%         N/A       100%        2
 Hailstorm                Conj/Ice       0%         3d3       100%        3
 Spider Form              Tmut/Pois      0%         N/A       100%        3
 Anguish                  Hex/Necr       0%         N/A       100%        4
 Ice Form                 Ice/Tmut       0%         N/A       100%        4
 Simulacrum               Ice/Necr       0%         N/A       100%        6
 Summon Hydra             Summ           0%         N/A       100%        7


Dungeon Overview and Level Annotations

Branches:
Dungeon (11/15)            Temple (1/1) D:4             Orc (0/2) D:11
  Sewer (visited)
   Lair: D:8-11

Altars:
Ashenzari
Cheibriados
Dithmenos
Fedhas
Gozag
Hepliaklqana
Kikubaaqudgha
Makhleb
Nemelex Xobeh
Okawaru
Qazlal
Ru
Sif Muna
Trog
Uskayaw
Vehumet
Wu Jian
Xom
Yredelemnul

Shops:
D:6 *   D:9 *([

Annotations:
D:4 2 transporters
D:11 Amaemon, Lodul


Innate Abilities, Weirdness & Mutations

You have a pair of small antennae on your head.
You are mostly covered in molten scales. (AC +3)
A demonic guardian rushes to your aid.
You regenerate health from kills.


Message History

You closely miss the killer bee.
The killer bee is heavily wounded.
You feel sick.
The killer bee is engulfed in blazing flames.
You kill the killer bee!
Qazlal accepts your kill.
You feel sick.
You feel sick.
You are no longer poisoned.
Amaemon zaps a wand.
The roots erupt in riotous growth!
The grasping roots grab you! The grasping roots constrict you.
You hear a horrible gurgling sound!
The roots grasp on you weakens, but your attempt to escape fails.
Your surroundings suddenly seem different.
The roots lose their grip on you.
f - 18 poisoned darts (gained 1)
f - 20 poisoned darts (gained 2)
A sourceless malevolence fills the Dungeon...
With a horrendous wail, an alarm goes off!
A sentinel's mark forms upon you.
You hear a shout! x4; You hear an angry buzzing noise.
You hear a shout!
You hear a screech!
You hear an angry buzzing noise. x5
An ogre comes into view.
It is wielding a +0 giant spiked club. x2
An ogre comes into view. It is wielding a +0 giant club.
Lodul and 3 ogres come into view.
An ogre comes into view. It is wielding a +0 giant club.
The ogre hits you with a +0 giant spiked club!
The ogre moves out of view. x2
The ogre attacks as you move away! The ogre barely misses you.
An ogre comes into view. It is wielding a +0 giant club.
The killer bee stings you but does no damage.
The ogre barely misses you.
The killer bee stings you but does no damage.
The ogre hits you with a +0 giant club!!
* * * LOW HITPOINT WARNING * * *
A demonic guardian appears!
The ogre hits you but does no damage.
Electricity crackles from Lodul's apparatus.
The bolt of lightning hits you!
You die...

# #### ##### . #.#..#
#...# ....#.@## ..##...#
#4OOy#### .........
.....OO#O..## ......#..
......OOO#...##....#..#.
......#.O.#..#...# ###.#
......#..##......# ##.
......#..#......## ##.
.....##.#.......### ##..
.## .#..........###...


You could see Lodul, 8 ogres, a killer bee and a friendly orange demon
(summoned, wandering).

Vanquished Creatures
  Gastronok (D:8)
  2 two-headed ogres
  3 hornets (D:8)
  7 yaks
  A steam dragon (D:7)
  3 vampire mosquitoes (D:8)
  Menkaure (D:4)
  An acid dragon (D:8)
  2 water moccasins
  A sky beast (D:7)
  A black bear (D:7)
  5 orc warriors
  2 ice beasts
  An ogre (D:6)
  2 centaurs
  2 kobold brigands
  2 phantoms
  Blork the orc (D:3)
  4 bullfrogs (D:8)
  2 scorpions (D:6)
  9 killer bees
  5 howler monkeys
  An electric eel (D:11)
  4 orc priests
  3 hounds
  2 jellies
  A gnoll bouda (D:5)
  Ijyb (D:3)
  3 iguanas
  8 orc wizards
  9 gnolls
  3 adders
  A shadow imp (D:5)
  A white imp (D:5)
  3 ufetubi
  4 dart slugs
  4 worms
  18 orcs
  3 bats
  7 endoplasms
  4 giant cockroaches
  4 goblins
  8 hobgoblins
  6 jackals
  10 kobolds
  2 quokkas
  5 ball pythons
  A frilled lizard (D:2)
  8 rats
182 creatures vanquished.

Vanquished Creatures (collateral kills)
  Sigmund (D:4)
  A wraith (D:11)
  A yak (D:7)
  An orc warrior (D:11)
  A howler monkey (D:8)
  A gnoll bouda (D:8)
  A jelly (D:5)
  Terence (D:2)
  An orc wizard (D:8)
  2 gnolls (D:8)
11 creatures vanquished.

Vanquished Creatures (others)
  2 fungi (D:9)
  5 plants (D:9)
7 creatures vanquished.

Grand Total: 200 creatures vanquished

Notes
Turn   | Place    | Note
-------+----------+-------------------------------------------
     0 | D:1      | jlumianski the Demonspawn Gladiator began the quest for the
                  | Orb.
     0 | D:1      | Reached XP level 1. HP: 16/16 MP: 1/1
   256 | D:1      | Gained mutation: A weak demonic guardian rushes to your
                  | aid. [demonic ancestry]
   256 | D:1      | Reached XP level 2. HP: 22/22 MP: 2/2
   284 | D:1      | Reached skill level 3 in Axes
   335 | D:2      | Noticed Terence
   346 | D:2      | HP: 1/22 [Terence/puff of flame (6)]
   349 | D:2      | Killed Terence
   350 | D:2      | Reached XP level 3. HP: 2/27 MP: 3/3
  1146 | D:4      | Noticed Blork the orc
  1146 | D:4      | Noticed Sigmund
  1161 | D:3      | Killed Blork the orc
  1162 | D:3      | Reached skill level 4 in Axes
  1162 | D:3      | Reached skill level 1 in Armour
  1162 | D:3      | Gained mutation: You regenerate a little health from kills.
                  | [demonic ancestry]
  1162 | D:3      | Reached XP level 4. HP: 22/34 MP: 4/4
  1213 | D:4      | Noticed Ijyb
  1297 | D:2      | Reached XP level 5. HP: 39/39 MP: 5/5
  1464 | D:2      | Found a basalt altar of Yredelemnul.
  2381 | D:4      | Killed Sigmund
  2382 | D:4      | Reached skill level 5 in Axes
  2382 | D:4      | Reached XP level 6. HP: 17/46 MP: 6/6
  2550 | D:3      | Found a faded altar of an unknown god.
  2945 | D:3      | Killed Ijyb
  3128 | D:5      | Entered Level 5 of the Dungeon
  3229 | D:4      | Noticed Menkaure
  3238 | D:4      | Killed Menkaure
  3239 | D:4      | Reached skill level 1 in Stealth
  3336 | D:5      | Identified the ring "Ymomisi" {+Blink rPois rF+ rC+ Str-4}
  3375 | D:4      | Found a transporter.
  3416 | D:4      | Found a transporter.
  3432 | D:4      | Found a staircase to the Ecumenical Temple.
  3459 | D:4      | Gained mutation: You are partially covered in molten
                  | scales. (AC +2) [demonic ancestry]
  3459 | D:4      | Reached XP level 7. HP: 47/52 MP: 7/7
  3466 | Temple   | Entered the Ecumenical Temple
  4060 | D:5      | Reached skill level 1 in Evocations
  4218 | D:6      | Found a glowing drain.
  4238 | Sewer    | Entered a sewer
  4296 | Sewer    | Reached skill level 6 in Axes
  4548 | D:6      | Gained mutation: You are mostly covered in molten scales.
                  | (AC +3) [demonic ancestry]
  4548 | D:6      | Reached XP level 8. HP: 17/60 MP: 8/8
  4695 | D:6      | Found Upseatya's CLEARANCE SALE!.
  5461 | D:6      | Reached skill level 7 in Axes
  6579 | D:7      | Gained mutation: A demonic guardian rushes to your aid.
                  | [demonic ancestry]
  6579 | D:7      | Reached XP level 9. HP: 43/66 MP: 9/9
  7059 | D:8      | Reached skill level 8 in Axes
  7314 | D:8      | Reached skill level 5 in Fighting
  7322 | D:8      | Reached skill level 5 in Armour
  7350 | D:8      | Noticed Gastronok
  7409 | D:8      | Killed Gastronok
  7410 | D:8      | Reached skill level 9 in Axes
  7410 | D:8      | Reached skill level 5 in Evocations
  7410 | D:8      | Gained mutation: You have a pair of small antennae on your
                  | head. [demonic ancestry]
  7410 | D:8      | Reached XP level 10. HP: 49/75 MP: 10/10
  7464 | D:9      | Found Othozur's Antique Armour Boutique.
  7477 | D:9      | Found Kossap's Weapon Boutique.
  7504 | D:10     | Entered Level 10 of the Dungeon
  7509 | D:10     | Noticed a two-headed ogre
  7517 | D:10     | Found a radiant altar of Vehumet.
  7517 | D:10     | Found a stormy altar of Qazlal.
  7519 | D:10     | Found a blossoming altar of Fedhas.
  7519 | D:10     | Found a shadowy altar of Dithmenos.
  7519 | D:10     | Found an iron altar of Okawaru.
  7519 | D:10     | Found an ancient bone altar of Kikubaaqudgha.
  7520 | D:10     | Found a broken altar of Ashenzari.
  7525 | D:10     | Became a worshipper of Qazlal Stormbringer
  7530 | D:10     | Killed a two-headed ogre
  8183 | D:8      | Reached skill level 10 in Axes
  8784 | D:8      | Reached * piety under Qazlal
  9053 | D:9      | Found Muubeatu's Assorted Antiques.
  9056 | D:9      | You are sucked into a shaft and drop 2 floors!
  9096 | D:11     | Found a staircase to the Orcish Mines.
  9142 | D:11     | Noticed Amaemon
  9142 | D:11     | Noticed an orange demon
  9144 | D:11     | Noticed a manticore
  9250 | D:11     | Noticed a two-headed ogre
  9271 | D:11     | Killed a two-headed ogre
  9272 | D:11     | Gained mutation: You regenerate health from kills. [demonic
                  | ancestry]
  9272 | D:11     | Reached XP level 11. HP: 44/81 MP: 14/14
  9324 | D:11     | Noticed Lodul
  9326 | D:11     | Killed from afar by Lodul

Illustrated notes

Levels and vault maps discovered:
D:1:      lemuel_arrival_cross, layout_loops_ring
D:2:      layout_basic, basic_altar, uniq_terence
D:3:      layout_loops_cross, basic_ecumenical_altar, kennysheep_cross_room
D:4:      gammafunk_steamed_eel, layout_rooms, minmay_temple_entry_mist,
          uniq_ijyb, uniq_menkaure, uniq_blork_the_orc, uniq_sigmund
D:5:      layout_loops_ring, chequers_arboretum
D:6:      layout_loops_cross, gup_sewer_entry_bubbles, nicolae_shop_clearance
D:7:      layout_rooms
D:8:      layout_cave_pods, enter_bailey_8, uniq_gastronok
D:9:      layout_rooms, grunt_lair_entry_orc_guard_hut, serial_shops,
          nicolae_shop_bloodbath_and_beyond, nicolae_shop_overgrown_old_shop,
          nicolae_stop_n_shop_2, shop, kennysheep_generic_room_12, uniq_erolcha
D:10:     layout_basic, grunt_temple_overflow_open, chequers_garden,
          grunt_ministairs_3, uniq_fannar
D:11:     layout_big_octagon, orc_david_3, uniq_amaemon, uniq_lodul
Temple:   regret_index_temple_generic_petals

Skill      XL: |  1  2  3  4  5  6  7  8  9 10 |
---------------+-------------------------------+-----
Dodging        | 3 |  3.9
Axes           | 3 4 5 6 7 9 10 | 10.6
Throwing       | 2 3 4 |  4.1
Armour         | 1 2 3 4 5 6 |  6.6
Fighting       | 3 4 5 6 |  6.3
Stealth        | 1 |  1.0
Evocations     | 2 3 5 6 |  6.7
Invocations    | 4 |  4.6
Shields        | |  0.1

Action                   |  1- 3 |  4- 6 |  7- 9 | 10-12 || total
-------------------------+-------+-------+-------+-------++-------
Melee: War axe           |    85 |   110 |   297 |       ||   492
       Punch             |     2 |     2 |     6 |       ||    10
       Battleaxe         |       |       |    84 |   175 ||   259
Throw: Throwing net      |     4 |     1 |       |       ||     5
       Javelin           |     1 |       |     3 |       ||     4
       Dart              |       |       |    48 |     3 ||    51
 Abil: Evoke Blink       |       |       |     1 |     1 ||     2
Evoke: Wand              |       |       |     3 |       ||     3
  Use: Potion            |     1 |       |     1 |       ||     2
       Scroll            |       |    16 |    11 |     1 ||    28
 Stab: Sleeping          |     1 |       |       |       ||     1
Armor: Leather armour    |    11 |       |       |       ||    11
       Chain mail        |    25 |    48 |       |       ||    73
       Plate armour      |       |    35 |   359 |   235 ||   629
Dodge: Dodged            |    44 |    28 |    83 |    72 ||   227
Block: Other             |       |       |       |     7 ||     7

Table legend: (Time is in decaauts)
 A = Elapsed time spent in this place.
 B = Non-inter-level travel time spent in this place.
 C = Inter-level travel time spent in this place.
 D = Time resting spent in this place.
 E = Time spent auto-exploring this place.
 F = Levels seen in this place.
 G = Mean time per level.
                   A        B        C        D        E       F      G
               +--------+--------+--------+--------+--------+-----+--------+
         Total |   9542 |   9347 |    195 |    969 |   4491 |  13 |  734.0 |
       Dungeon |   9094 |   8899 |    195 |    934 |   4340 |  11 |  826.7 |
        Temple |    265 |    265 |      0 |      0 |    107 |   1 |  265.0 |
         Sewer |    182 |    182 |      0 |     35 |     44 |   1 |  182.0 |
               +--------+--------+--------+--------+--------+-----+--------+

Top non-repeatable levels by time:
     D:8: 1548 daAuts
     D:6: 1345 daAuts
     D:7: 1211 daAuts
     D:3: 1177 daAuts
     D:1: 962 daAuts
     D:2: 915 daAuts
     D:5: 818 daAuts
     D:4: 662 daAuts
    D:11: 274 daAuts
  Temple: 265 daAuts
   Sewer: 182 daAuts
     D:9: 130 daAuts
    D:10: 48 daAuts
